 Dungeon Crawl Stone Soup version 0.28-a0-80-g9707f7362f (webtiles) character file.

Game seed: 1757916832419068277

2010 pokeman the Thaumaturge (level 9, -2/50 HPs)
             Began as a Deep Elf Hedge Wizard on Aug 5, 2021.
             Killed from afar by an electric eel (7 damage)
             ... with a bolt of electricity
             ... on level 6 of the Dungeon.
             The game lasted 00:18:08 (8956 turns).

pokeman the Thaumaturge (Deep Elf Hedge Wizard)     Turns: 8956, Time: 00:18:09

Health: -2/50      AC:  8    Str:  7    XL:     9   Next: 2%
Magic:  34/34      EV: 12    Int: 23    God:
Gold:   284        SH:  0    Dex: 14    Spells: 13/29 levels left

rFire   . . .      SeeInvis .   t - +1 war axe (elec)
rCold   . . .      Faith    .   (no shield)
rNeg    . . .      Spirit   .   A - +0 leather armour
rPois   .          Reflect  .   u - +0 helmet
rElec   .          Harm     .   y - +1 cloak
rCorr   .          Rampage  .   m - +0 pair of gloves
Will    .....                   q - +0 pair of boots
Stlth   ++........              (no amulet)
HPRegen 0.16/turn               g - ring of magical power
MPRegen 0.24/turn               (no ring)

@: no status effects
A: no striking features
a: no special abilities


You were on level 6 of the Dungeon.
You visited 1 branch of the dungeon, and saw 6 of its levels.

You collected 284 gold pieces.

Inventory:

Hand Weapons
 c - a +4 quarterstaff of chaos
 t - a +1 war axe of electrocution (weapon)
Missiles
 j - 63 arrows
 E - 25 bolts
Armour
 m - a +0 pair of gloves (worn)
 q - a +0 pair of boots (worn)
 u - a +0 helmet (worn)
 y - a +1 cloak (worn)
 A - a +0 leather armour (worn)
Magical Staves
 s - a staff of air
Jewellery
 g - a ring of magical power (left hand)
Wands
 b - a wand of digging (10)
 x - a wand of mindburst (8)
Scrolls
 f - 2 scrolls of immolation {unknown}
 h - 5 scrolls of identify {unknown}
 i - a scroll of vulnerability {unknown}
 n - a scroll of teleportation {unknown}
 o - a scroll of amnesia {unknown}
 p - a scroll of enchant weapon {unknown}
 r - a scroll of brand weapon {unknown}
 v - a scroll of silence {unknown}
 w - 2 scrolls of fear {unknown}
 B - a scroll of blinking {unknown}
Potions
 a - a potion of heal wounds
 d - a potion of brilliance {unknown}
 e - 2 potions of attraction
 k - 2 potions of curing
 l - a potion of invisibility {unknown}
 z - a potion of lignification {unknown}
 C - 2 potions of haste {unknown}
 D - a potion of degeneration {unknown}


   Skills:
 - Level 3.0 Fighting
 + Level 2.3 Armour
 - Level 3.0 Dodging
 - Level 3.0 Stealth
 * Level 10.6 Spellcasting
 + Level 5.8 Conjurations
 - Level 1.1 Summonings
 - Level 1.1 Translocations
 - Level 1.0 Fire Magic
 + Level 4.0 Air Magic
 - Level 1.2 Poison Magic
 - Level 1.2 Evocations


You had 13 spell levels left.
You knew the following spells:

 Your Spells              Type           Power      Damage    Failure   Level
a - Magic Dart            Conj           100%       1d8       1%          1
b - Mephitic Cloud        Conj/Pois/Air  29%        N/A       4%          3
c - Call Imp              Summ           17%        N/A       8%          2
d - Blink                 Tloc           N/A        N/A       8%          2
e - Conjure Flame         Conj/Fire      27%        6-21      6%          3
f - Lightning Bolt        Conj/Air       17%        1d31      28%         5

Your spell library contained the following spells:

 Spells                   Type           Power      Damage    Failure   Level
 Static Discharge         Conj/Air       34%        N/A       1%          2
 Corpse Rot               Necr/Air       N/A        N/A       4%          2
 Poisonous Vapours        Pois/Air       48%        N/A       4%          2
 Sting                    Tmut/Pois      60%        1d6       6%          1
 Corona                   Hex            13%        N/A       8%          1
 Ensorcelled Hibernation  Hex/Ice        24%        N/A       12%         2
 Slow                     Hex            12%        N/A       12%         2
 Gell's Gravitas          Tloc           8%         N/A       14%         3
 Lesser Beckoning         Tloc           8%         N/A       14%         3
 Teleport Other           Tloc           17%        N/A       14%         3
 Tukima's Dance           Hex            12%        N/A       24%         3
 Olgreb's Toxic Radiance  Pois           17%        N/A       43%         4
 Cause Fear               Hex            6%         N/A       61%         4
 Dispel Undead            Necr           12%        3d9       61%         4
 Death Channel            Necr           6%         N/A       100%        6
 Dragon Form              Tmut           6%         N/A       100%        7
 Maxwell's Capacitive Co  Air            15%        ∞         100%        8
 Dragon's Call            Summ           8%         N/A       100%        9


Dungeon Overview and Level Annotations

Branches:
Dungeon (6/15)
 Temple: D:4-7

Altars:

Shops:
D:4 (   D:6 =[


Message History

The electric eel shoots out a bolt of lightning at you!
The bolt of electricity hits the plant!
The plant begins to die.
The bolt of electricity misses you.
Unknown command.
Unknown command.
The electric eel shoots out a bolt of lightning at you!
The bolt of electricity hits the plant!
The bolt of electricity hits you!
Unknown command.
A nearby plant withers and dies.
The electric eel shoots out a bolt of lightning at you!
The bolt of electricity hits the plant!
The bolt of electricity misses you.
The electric eel shoots out a bolt of lightning at you!
The bolt of electricity hits the plant!
The plant begins to die.
The bolt of electricity hits you.
Unknown command.
You close the door.
You start resting.
Magic restored.
You start resting.
HP restored.
Okay, then.
Unknown command.
As you open the door, it creaks loudly!
The electric eel shoots out a bolt of lightning at you!
The bolt of electricity hits you!
The electric eel shoots out a bolt of lightning at you!
The bolt of electricity hits the plant!
The plant begins to die.
The bolt of electricity hits you! The bolt of electricity hits you.
The electric eel shoots out a bolt of lightning at you!
The bolt of electricity hits the plant!
The plant begins to die.
The bolt of electricity hits you! x2
* * * LOW HITPOINT WARNING * * *
There is an open door here.
Unknown command.
The electric eel shoots out a bolt of lightning at you!
The bolt of electricity hits you.
* * * LOW HITPOINT WARNING * * *
The electric eel shoots out a bolt of lightning at you!
The bolt of electricity hits the plant!
The bolt of electricity hits you!
You die...

#...#
#............#
#...#
#............#
##...#
#.............
#....#
#.......<.....
#.####
#.............
#.#
#.............
##.## ###
############.
#...########.##
#.
##'##≈$;P..#@.#
#.
#.#≈≈(;P..'#.#
#.
#†#≈.(≈....#≈#
#.
#.#≈≈.≈≈...#≈##
#.
#≈##≈;$...##≈≈#
##
##≈##########.##
##≈##≈.....#..#
#≈#≈≈≈≈≈..'#.#
#.#≈.≈≈....#≈#


You could see 2 electric eels.

Vanquished Creatures
  A yak (D:6)
  A water moccasin (D:6)
  Duvessa (D:5)
  2 black bears
  A sky beast (D:4)
  3 ogres
  A phantom (D:4)
  4 scorpions
  A water moccasin skeleton (D:6)
  Dowan (D:5)
  A howler monkey (D:6)
  6 electric eels (D:6)
  3 hounds
  Crazy Yiuf (D:3)
  2 orc priests (D:5)
  4 orc wizards (D:5)
  A killer bee zombie (D:6)
  Robin (D:3)
  7 gnolls
  4 adders
  2 white imps
  3 worms (D:4)
  2 dart slugs (D:3)
  12 orcs
  9 endoplasms
  10 giant cockroaches
  10 goblins
  10 hobgoblins
  2 jackals (D:4)
  4 kobolds
  8 quokkas
  5 ball pythons
  5 bats
  3 frilled lizards
  7 rats
138 creatures vanquished.

Vanquished Creatures (collateral kills)
  2 jackals (D:4)
2 creatures vanquished.

Vanquished Creatures (others)
  11 plants (D:6)
11 creatures vanquished.

Grand Total: 151 creatures vanquished

Notes
Turn   | Place    | Note
-------+----------+-------------------------------------------
     0 | D:1      | pokeman the Deep Elf Hedge Wizard began the quest for the
                  | Orb.
     0 | D:1      | Reached XP level 1. HP: 10/10 MP: 7/7
   260 | D:1      | Found a faded altar of an unknown god.
   500 | D:1      | Reached XP level 2. HP: 15/15 MP: 1/9
  1098 | D:1      | Reached skill level 5 in Spellcasting
  1309 | D:1      | Reached XP level 3. HP: 20/20 MP: 11/11
  1313 | D:1      | Learned a level 3 spell: Mephitic Cloud
  1316 | D:1      | Learned a level 2 spell: Call Imp
  1319 | D:1      | Learned a level 2 spell: Blink
  1323 | D:1      | Learned a level 3 spell: Conjure Flame
  2138 | D:2      | Noticed an ogre
  2156 | D:2      | Killed an ogre
  2157 | D:2      | Reached skill level 1 in Fighting
  2157 | D:2      | Reached skill level 1 in Armour
  2157 | D:2      | Reached skill level 6 in Spellcasting
  2157 | D:2      | Reached XP level 4. HP: 4/25 MP: 12/14
  2645 | D:2      | Reached XP level 5. HP: 26/29 MP: 15/15
  3478 | D:3      | Learned a level 5 spell: Lightning Bolt
  3485 | D:3      | Noticed Robin
  3499 | D:3      | Killed Robin
  3817 | D:3      | Found a runed translucent door.
  3818 | D:3      | Noticed Crazy Yiuf
  3834 | D:3      | HP: 1/29 [poisoned by Crazy Yiuf]
  3872 | D:3      | Killed Crazy Yiuf
  4475 | D:3      | Reached skill level 1 in Fire Magic
  4672 | D:4      | Reached XP level 6. HP: 11/34 MP: 17/17
  4790 | D:4      | Found Usixetsa's Weapon Boutique.
  4797 | D:4      | Noticed a sky beast
  4960 | D:4      | Found a glowing drain.
  5441 | D:4      | Reached skill level 7 in Spellcasting
  5441 | D:4      | Reached skill level 1 in Air Magic
  5896 | D:4      | Killed a sky beast
  5897 | D:4      | Reached skill level 1 in Poison Magic
  5897 | D:4      | Reached skill level 1 in Evocations
  5897 | D:4      | Reached XP level 7. HP: 38/38 MP: 15/20
  6288 | D:5      | Entered Level 5 of the Dungeon
  6288 | D:5      | Noticed Duvessa
  6288 | D:5      | Noticed Dowan
  6525 | D:5      | Reached skill level 8 in Spellcasting
  6975 | D:5      | Killed Dowan
  7048 | D:5      | Killed Duvessa
  7049 | D:5      | Reached skill level 9 in Spellcasting
  7049 | D:5      | Reached XP level 8. HP: 36/45 MP: 16/23
  7153 | D:6      | Found Woin's Armour Emporium.
  7286 | D:6      | Reached skill level 5 in Conjurations
  7765 | D:6      | Found Ufromut's Jewellery Boutique.
  7866 | D:6      | Reached skill level 10 in Spellcasting
  8641 | D:6      | Reached XP level 9. HP: 23/50 MP: 22/25
  8956 | D:6      | Killed from afar by an electric eel

Illustrated notes

Levels and vault maps discovered:
D:1:      pf_arrival_petrified_forest, layout_basic,
          shapermc_ecumenical_altar_mp_vishouse, minmay_tromino_v4_a
D:2:      layout_basic
D:3:      layout_loops_corners, kennysheep_generic_room_15, uniq_robin,
          uniq_crazy_yiuf_cottage
D:4:      layout_basic, serial_rivers, chequers_serial_rivers_small_b,
          chequers_serial_rivers_micro_c, chequers_serial_rivers_micro_e,
          chequers_serial_rivers_micro_a, gup_sewer_entry_bubbles, serial_shops,
          nicolae_diamond_shop, minmay_misc_feat_tiny, nrook_mini_vaults,
          grunt_decor_mini_mirrors
D:5:      layout_gridville, uniq_duvessa
D:6:      cheibrodos_two_vegetables, layout_basic, serial_bayou,
          serial_bayou_pond_d, serial_bayou_lagoon_a, serial_bayou_pond_e,
          serial_bayou_ford_a, serial_shops, shop, shop

Skill      XL: |  1  2  3  4  5  6  7  8 |
---------------+-------------------------+-----
Spellcasting   | 5 6 7 9 10 | 10.6
Fighting       | 1 2 3 |  3.0
Armour         | 1 2 |  2.3
Conjurations   | 2 3 4 5 |  5.8
Fire Magic     | 1 |  1.0
Dodging        | 3 |  3.0
Stealth        | 3 |  3.0
Air Magic      | 1 2 4 |  4.0
Poison Magic   | 1 |  1.2
Evocations     | 1 |  1.2
Summonings     | |  1.1
Translocations | |  1.1

Action                   |  1- 3 |  4- 6 |  7- 9 || total
-------------------------+-------+-------+-------++-------
Melee: Dagger            |     2 |       |       ||     2
       War axe           |       |    27 |    30 ||    57
 Cast: Magic Dart        |   102 |    91 |   143 ||   336
       Mephitic Cloud    |     2 |    18 |    17 ||    37
       Conjure Flame     |     2 |    10 |    10 ||    22
       Blink             |       |     1 |     1 ||     2
       Call Imp          |       |     1 |       ||     1
  Use: Potion            |       |       |     2 ||     2
 Stab: Confused          |       |     4 |     4 ||     8
Armor: Robe              |     2 |    16 |    19 ||    37
       Leather armour    |       |       |     5 ||     5
Dodge: Dodged            |    14 |    37 |    44 ||    95

Table legend: (Time is in decaauts)
 A = Elapsed time spent in this place.
 B = Non-inter-level travel time spent in this place.
 C = Inter-level travel time spent in this place.
 D = Time resting spent in this place.
 E = Time spent auto-exploring this place.
 F = Levels seen in this place.
 G = Mean time per level.
                   A        B        C        D        E       F      G
               +--------+--------+--------+--------+--------+-----+--------+
         Total |   9051 |   8876 |    175 |   1012 |   6486 |   6 | 1508.5 |
       Dungeon |   9051 |   8876 |    175 |   1012 |   6486 |   6 | 1508.5 |
               +--------+--------+--------+--------+--------+-----+--------+

Top non-repeatable levels by time:
     D:4: 2013 daAuts
     D:6: 1846 daAuts
     D:2: 1613 daAuts
     D:3: 1520 daAuts
     D:1: 1429 daAuts
     D:5: 628 daAuts
